 Dungeon Sprint DCSS version 0.21.1 (webtiles) character file.

225 stupendous the Carver (level 6, -15/52 HPs)
             Began as a Formicid Fighter on Feb 3, 2018.
             Demolished by a tyrant leech (32 damage)
             ... in the Dungeon (Sprint II: "The Violet Keep of Menkaure").
             The game lasted 00:01:02 (740 turns).

stupendous the Carver (Formicid Fighter)             Turns: 740, Time: 00:01:03

Health: -15/52     AC:  7    Str: 20    XL:     6   Next: 21%
Magic:  6/6        EV:  9    Int:  8    God:
Gold:   486        SH: 10    Dex: 12    Spells: 5/5 levels left

rFire    . . .     SeeInvis +   a - +0 long sword
rCold    . . .     Gourm    .   c - +0 shield
rNeg     . . .     Faith    .   b - +0 scale mail
rPois    .         Spirit   .   (helmet unavailable)
rElec    .         Reflect  .   (no cloak)
rCorr    .         Harm     .   (no gloves)
MR       .....                  (no boots)
Stlth    ..........             (no amulet)
HPRegen  0.17/turn              (no ring)
MPRegen  0.10/turn              (no ring)

@: no status effects
A: permanent stasis, dig shafts and tunnels, four strong arms, antennae 3
a: Dig


You were in the Dungeon.
You were not hungry.

You visited 1 branch You collected 486 gold pieces.

Inventory:

Hand Weapons
 a - a +0 long sword (weapon)
Armour
 b - a +0 scale mail (worn)
 c - a +0 shield (worn)
Scrolls
 k - a scroll of blinking
Potions
 d - a potion of might
 e - a potion of curing
 g - a potion of heal wounds
 h - a potion of haste
 i - 2 potions of magic
 j - a potion of berserk rage
Comestibles
 f - a ration
 l - 2 chunks of flesh


   Skills:
 - Level 6.3 Fighting
 + Level 8.5 Long Blades
 - Level 6.3 Armour
 - Level 6.9 Shields


You had 5 spell levels left.
You didn't know any spells.

Dungeon Overview and Level Annotations

Branches:
Dungeon (1/1)

Altars:

Shops:
D [![!*}?=*=(}%

Annotations:
D exclusion: oklob plant


Innate Abilities, Weirdness & Mutations

You cannot be hasted, slowed, berserked, paralysed or teleported.
You can dig through walls and to a lower floor.
Your four strong arms can wield two-handed weapons with a shield.
You have a pair of large antennae on your head. (SInv)


Message History

You closely miss the tyrant leech. The tyrant leech barely misses you.
You hit the tyrant leech.
The tyrant leech is lightly wounded.
Your scale mail prevents you from hitting the tyrant leech.
The tyrant leech is lightly wounded.
The tyrant leech bites you!
The tyrant leech draws strength from your injuries!
You barely miss the tyrant leech. The tyrant leech completely misses you.
You hit the tyrant leech.
The tyrant leech is lightly wounded.
You block the tyrant leech's attack.
You hit the tyrant leech.
The tyrant leech is lightly wounded.
The tyrant leech bites you!!
Ouch! That really hurt!
The tyrant leech draws strength from your injuries!
You closely miss the tyrant leech. You barely miss the tyrant leech.
The tyrant leech bites you!!
Ouch! That really hurt!
You die...

########≈≈≈...
.......#≈≈≈≈. {
..⌠....#≈≈≈M {
.∩.∩...#≈≈≈ {{ {{ {{
∩.∩.∩..#≈≈### ##
.∩.∩.∩.#≈##.# #+# .##
{
∩...∩.∩#≈#.####.###..#
{
.....∩.'≈'##.'.<.'.##+
......∩#≈#...##@###..#
▓▓▓▓▓###≈##.###w# #.##
!D######≈≈### w#$ ###
.$ { ##≈≈ .. .. P{ {
+#≈##. .## { ≈≈## ##
≈≈


You could see 2 tyrant leeches.

Vanquished Creatures
  Menkaure (D)
  4 worker ants (D)
  3 worms (D)
8 creatures vanquished.

Vanquished Creatures (others)
  A crocodile (D)
1 creature vanquished.

Grand Total: 9 creatures vanquished

Notes
Turn   | Place    | Note
-------+----------+-------------------------------------------
     0 | D        | stupendous the Formicid Fighter began the quest for the Orb.
     0 | D        | Reached XP level 1. HP: 18/18 MP: 1/1
    16 | D        | Reached XP level 2. HP: 3/25 MP: 2/2
    22 | D        | Killed a crocodile
   293 | D        | Found Ruxaih's Gadget Boutique.
   293 | D        | Found Qeonogyas's Jewellery Shop.
   293 | D        | Found Lic Rimo's Magic Scroll Boutique.
   293 | D        | Found Qaugut's Jewellery Boutique.
   293 | D        | Found Efaceam's Gadget Shop.
   294 | D        | Found Puqustrapp's Food Shop.
   294 | D        | Found Istuupoxono's Assorted Antiques.
   294 | D        | Found Elun's General Store.
   306 | D        | Found Ublitsol's Distillery.
   306 | D        | Found Yngua's Antique Armour Boutique.
   307 | D        | Found Uruheh's Antique Weapon Boutique.
   308 | D        | Found Vuemedeh's Distillery.
   308 | D        | Found Pust's Antique Armour Boutique.
   308 | D        | Noticed Menkaure
   308 | D        | Noticed an ice dragon
   308 | D        | Noticed an oklob plant
   324 | D        | Killed Menkaure
   324 | D        | Reached skill level 5 in Long Blades
   324 | D        | Reached XP level 3. HP: 9/34 MP: 3/3
   324 | D        | Reached XP level 4. HP: 10/40 MP: 4/4
   324 | D        | Reached XP level 5. HP: 12/46 MP: 5/5
   563 | D        | Reached skill level 6 in Long Blades
   569 | D        | Reached skill level 7 in Long Blades
   664 | D        | Reached XP level 6. HP: 49/52 MP: 6/6
   668 | D        | Reached skill level 8 in Long Blades
   731 | D        | Noticed a tyrant leech
   731 | D        | Noticed a tyrant leech
   740 | D        | Demolished by a tyrant leech

Skill      XL: |  1  2  3  4  5  6 |
---------------+-------------------+-----
Shields        | 4 6 |  6.9
Fighting       | 6 |  6.3
Armour         | 6 |  6.3
Long Blades    | 5 7 8 |  8.5

Action                   |  1- 3 |  4- 6 || total
-------------------------+-------+-------++-------
Melee: Long sword        |    22 |    26 ||    48
Armor: Scale mail        |     1 |     3 ||     4
Dodge: Dodged            |     2 |    10 ||    12
Block: Shield            |     5 |     9 ||    14
       Rpst.: Long sword |     1 |     5 ||     6
